 Dungeon Crawl Stone Soup version 0.28-b1 (webtiles) character file.

Game seed: 16006558826055488333

29 Destapler the Stinger (level 3, 0/24 HPs)
             Began as a Merfolk Venom Mage on Jan 26, 2022.
             Succumbed to an adder's poison
             ... on level 1 of the Dungeon.
             The game lasted 00:02:32 (1144 turns).

Destapler the Stinger (Merfolk Venom Mage)          Turns: 1144, Time: 00:02:33

Health: 0/24       AC:  2    Str:  8    XL:     3   Next: 16%
Magic:  4/6        EV: 13    Int: 14    God:
Gold:   33         SH:  0    Dex: 16    Spells: 5/6 levels left

rFire   . . .      SeeInvis .   c - +0 short sword
rCold   + . .      Faith    .   (no shield)
rNeg    . . .      Spirit   .   a - +0 robe
rPois   .          Reflect  .   (no helmet)
rElec   .          Harm     .   (no cloak)
rCorr   .          Rampage  .   (no gloves)
Will    .....                   (no boots)
Stlth   ++........              (no amulet)
HPRegen 0.08/turn               g - ring of protection from cold
MPRegen 0.10/turn               (no ring)

@: lethally poisoned (0 -> -8)
A: (nimble swimmer 2), mertail
a: no special abilities


You were on level 1 of the Dungeon.
You visited 1 branch of the dungeon, and saw 2 of its levels.

You collected 33 gold pieces.

Inventory:

Hand Weapons
 c - a +0 short sword (weapon)
Armour
 a - a +0 robe (worn)
Jewellery
 g - a ring of protection from cold (left hand)
Scrolls
 b - a scroll of magic mapping {unknown}
 d - 2 scrolls of identify {unknown}
Potions
 e - 2 potions of might {unknown}
 f - a potion of attraction {unknown}


   Skills:
 + Level 3.1 Dodging
 + Level 2.7 Stealth
 + Level 2.2 Spellcasting
 + Level 2.2 Transmutations
 + Level 3.5 Poison Magic


You had 5 spell levels left.
You knew the following spells:

 Your Spells              Type           Power      Damage    Failure   Level
a - Sting                 Tmut/Pois      36%        1d4       7%          1

Your spell library contained the following spells:

 Spells                   Type           Power      Damage    Failure   Level
 Poisonous Vapours        Pois/Air       12%        N/A       17%         2
 Mephitic Cloud           Conj/Pois/Air  4%         N/A       38%         3
 Olgreb's Toxic Radiance  Pois           11%        N/A       47%         4


Dungeon Overview and Level Annotations

Branches:
Dungeon (2/15)

Altars:


Innate Abilities, Weirdness & Mutations

((You are very nimble when in or above water. (Stealth+, EV+, Speed+++)))
Your lower body shifts to a powerful aquatic tail in water.


Message History

You hit the hobgoblin.
The hobgoblin is moderately wounded.
The hobgoblin hits you.
You barely miss the hobgoblin.
The hobgoblin is moderately wounded.
The hobgoblin hits you.
You closely miss the hobgoblin.
The hobgoblin is moderately wounded.
The adder bites you.
You are poisoned.
The adder poisons you! The hobgoblin hits you.
You feel sick. The adder barely misses you.
You feel sick.
You feel sick.
There is a stone staircase leading up here.
You feel sick. The adder bites you.
* * * LOW HITPOINT WARNING * * *
You are more poisoned.
The adder poisons you! The adder barely misses you.
You climb upwards.
You feel sick.
There is a stone staircase leading down here.
You hit the adder.
The adder is heavily wounded.
You feel sick. The adder closely misses you.
You are too injured to fight recklessly!
You are too injured to fight recklessly!
You are too injured to fight recklessly!
Casting: Sting (safe; 7% risk of failure)
Confirm with . or Enter, or press ? or * to list all spells.
Aiming: Sting (safe; 7% risk of failure)
Press: ? - help, Shift-Dir - straight line, f - adder
Aim: an adder (heavily wounded, 48% to hit)
The sting hits the adder.
The adder is poisoned.
The adder is severely wounded.
You feel sick. The adder barely misses you.
You feel sick. The adder bites you.
* * * LOW HITPOINT WARNING * * *
You are lethally poisoned!
The adder poisons you!
You die...

#..............#####
#....####..........###
#....# ##.....###...##
#....# #............#
##'### ##...........#
######.#
#..#.....#..####
.......#
##.#...........##
########
#.#..##..#.##..###
#@...##.#รท[##.....
##.S..............
#.>.....#.#......
######.....#.#..#
#..........#
####.##....# #.##....#
#........ ####.....


You could see an adder (poisoned).

Vanquished Creatures
  A dart slug (D:1)
  5 bats (D:1)
  4 endoplasms
  3 giant cockroaches (D:1)
  A goblin (D:1)
  3 hobgoblins (D:1)
  3 ball pythons
  A frilled lizard (D:1)
  A kobold (D:1)
  2 rats (D:1)
24 creatures vanquished.

Notes
Turn   | Place    | Note
-------+----------+-------------------------------------------
     0 | D:1      | Destapler the Merfolk Venom Mage began the quest for the
                  | Orb.
     0 | D:1      | Reached XP level 1. HP: 13/13 MP: 3/3
   176 | D:1      | Reached XP level 2. HP: 19/19 MP: 5/5
   672 | D:1      | Reached XP level 3. HP: 21/24 MP: 4/6
  1144 | D:1      | Succumbed to an adder's poison

Illustrated notes

Levels and vault maps discovered:
D:1:      psy_arrival_whirlpool, layout_basic,
          hangedman_abyss_or_decor_lesser_grid
D:2:      layout_rooms, hellmonk_ecumenical_altar_defaced_shrine

Skill      XL: |  1  2 |
---------------+-------+-----
Dodging        | 3 |  3.1
Transmutations | 2 |  2.2
Stealth        | |  2.7
Spellcasting   | |  2.2
Poison Magic   | |  3.5

Action                   || total
-------------------------++-------
Melee: Short sword       ||    54
       Punch             ||     1
 Cast: Sting             ||    19
 Stab: Sleeping          ||     5
Armor: Robe              ||     7
Dodge: Dodged            ||    47
